[Event "Chessable Masters - Torneo preliminare"]
[White "Antipov, Mikhail Al."]
[Black "Wagner, Dennis"]
[WhiteFideId "4107012"]
[BlackFideId "24650684"]
[WhiteElo "2593"]
[BlackElo "2456"]
[Result "0-1"]
[Round "7"]
[TimeControl "600+2"]
[Date "2023.03.13"]
[WhiteClock "0:00:20"]
[BlackClock "0:00:20"]

1. e4 e5 2. Nf3 Nc6 3. Bc4 Bc5 4. d3 Nf6 5. Nbd2 O-O 6. c3 a5 7. h3 Ba7 8. a4 d6 9. Bb3 Be6 10. Bc2 d5 11. Qe2 Re8 12. g4 dxe4 13. dxe4 Nd7 14. Nb3 Ne7 15. Nxa5 Ng6 16. Nxb7 Qb8 17. Na5 Nf4 18. Bxf4 Qxb2 19. O-O exf4 20. Nc6 Qxc3 21. Nxa7 Rxa7 22. Rfc1 Bc4 23. Qd2 Qxf3 24. Qxd7 Rf8 25. e5 Bd5 26. Kf1 Qxh3+ 27. Ke1 Qc3+ 28. Kf1 Qh3+ 29. Ke1 Bc4 30. Qd4 Ba6 31. Be4 c5 32. Rxc5 Rd7 33. Qxd7 Qf1+ 34. Kd2 Qxf2+ 35. Kd1 Qxc5 36. Rc1 Qe3 0-1


[Site "Internet"]

[Event "Chessable Masters - Torneo preliminare"]
[White "Sarana, Alexey"]
[Black "Weetik, Vjacheslav"]
[WhiteFideId "24133795"]
[BlackFideId "4153472"]
[WhiteElo "2643"]
[BlackElo "2445"]
[Result "1-0"]
[Round "7"]
[TimeControl "600+2"]
[Date "2023.03.13"]
[WhiteClock "0:04:53"]
[BlackClock "0:00:02"]

1. d4 Nf6 2. c4 g6 3. Nc3 Bg7 4. e4 d6 5. Be2 O-O 6. Be3 c5 7. d5 e6 8. Nf3 exd5 9. cxd5 b5 10. e5 Ng4 11. Bg5 Qb6 12. exd6 a6 13. Be7 Re8 14. O-O Nd7 15. Nd2 Ngf6 16. Re1 Bb7 17. Bf3 c4 18. a4 Nc5 19. axb5 axb5 20. Rxa8 Rxa8 21. Qc2 Nd3 22. Rf1 Nd7 23. Nde4 b4 24. Nd1 N7e5 25. Ne3 Qd4 26. Nxc4 Nxc4 27. d7 Bxd5 28. Bf6 Bxf6 29. Nxf6+ Qxf6 30. Bxd5 Rd8 31. Qxc4 Nxb2 32. Qb5 Qd4 33. Qe2 Kg7 34. Qe8 Qf6 35. Bxf7 Nd3 36. Bc4 Ne5 37. Bb5 Nxd7 38. Qe1 Nb6 39. Qxb4 Nd5 40. Qa5 Rf8 41. g3 Nc3 42. Bc4 Qd4 43. Qc7+ Kh6 44. Qe7 Rf5 45. Be6 Rf6 46. h4 Ne4 47. g4 g5 48. Bf5 Rxf5 49. gxf5 g4 50. Qc7 Qd3 51. Qf4+ Kh5 52. Re1 g3 53. Rxe4 Qd1+ 54. Kg2 1-0


[Site "Internet"]

[Event "Chessable Masters - Torneo preliminare"]
[White "Tari, Aryan"]
[Black "Bortnyk, Olexandr"]
[WhiteFideId "1510045"]
[BlackFideId "14120828"]
[WhiteElo "2539"]
[BlackElo "2643"]
[Result "1-0"]
[Round "7"]
[TimeControl "600+2"]
[Date "2023.03.13"]
[WhiteClock "0:00:36"]
[BlackClock "0:01:24"]

1. e4 Nf6 2. e5 Nd5 3. d4 d6 4. Nf3 dxe5 5. Nxe5 c6 6. Bc4 Nd7 7. Nf3 N7f6 8. O-O Bf5 9. Re1 e6 10. Bf1 Bd6 11. h3 O-O 12. Nh4 Ne4 13. Nxf5 exf5 14. Qf3 Qf6 15. Nc3 Ndxc3 16. bxc3 Rfe8 17. a4 g6 18. Bb2 Re7 19. Bd3 Ng5 20. Qd1 Rae8 21. Rxe7 Rxe7 22. c4 Nxh3+ 23. gxh3 Qg5+ 24. Kh1 Qf4 25. Qg1 Bc7 26. d5 h5 27. Bf6 Re8 28. Qg2 Qd2 29. Rg1 Re1 30. Qf3 Kh7 31. Qxh5+ 1-0


[Site "Internet"]

[Event "Chessable Masters - Torneo preliminare"]
[White "Shimanov, Aleksandr"]
[Black "Fressinet, Laurent"]
[WhiteFideId "4198603"]
[BlackFideId "608742"]
[WhiteElo "2610"]
[BlackElo "2689"]
[Result "1-0"]
[Round "7"]
[TimeControl "600+2"]
[Date "2023.03.13"]
[WhiteClock "0:00:14"]
[BlackClock "0:00:03"]

1. e4 e5 2. Nf3 Nc6 3. Nc3 Nf6 4. h3 Bd6 5. Bc4 O-O 6. a3 a6 7. d3 b5 8. Ba2 Bb7 9. g4 Nd4 10. g5 Ne8 11. h4 Kh8 12. h5 f5 13. Nh4 Ne6 14. Ng6+ Kg8 15. Nxf8 Bxf8 16. exf5 Bxh1 17. fxe6 Kh8 18. Qg4 Bc6 19. Bd2 a5 20. Qf5 Nd6 21. Qxe5 b4 22. Nd5 dxe6 23. Nf4 Qe8 24. Nxe6 Qxh5 25. Bd5 Bxd5 26. Qxd5 Re8 27. Be3 Rxe6 28. axb4 axb4 29. Kd2 Qg6 30. Ra7 Re7 31. b3 Nf5 32. Bf4 Rf7 33. Ra8 Ne7 34. Qc4 Nf5 35. Qxb4 Kg8 36. Kc1 Qc6 37. Rb8 g6 38. Be5 Re7 39. f4 Re8 40. Rxe8 Qxe8 41. Qc4+ Qf7 42. Qxc7 Qxc7 43. Bxc7 Kf7 44. Kd2 Ke6 45. c3 Kd7 46. Be5 Bd6 47. Bxd6 Kxd6 48. b4 Kd5 49. Ke2 Ne7 50. Ke3 Nf5+ 51. Kf3 Ne7 52. b5 Kc5 53. c4 Kd4 54. Ke2 Nc8 55. Kf3 Nb6 56. f5 gxf5 57. Kf4 Nd7 58. Kxf5 Kxd3 59. Ke6 Nc5+ 60. Kd5 Na4 61. c5 Kc3 62. b6 Kb4 63. b7 1-0


[Site "Internet"]

[Event "Chessable Masters - Torneo preliminare"]
[White "Kevlishvili, Robby"]
[Black "Paravyan, David"]
[WhiteFideId "1040634"]
[BlackFideId "4194985"]
[WhiteElo "2577"]
[BlackElo "2598"]
[Result "1/2-1/2"]
[Round "7"]
[TimeControl "600+2"]
[Date "2023.03.13"]
[WhiteClock "0:00:22"]
[BlackClock "0:01:19"]

1. e4 e5 2. Nf3 Nf6 3. Nxe5 d6 4. Nf3 Nxe4 5. d4 d5 6. Bd3 Be7 7. O-O Nc6 8. c4 Nb4 9. Be2 O-O 10. Nc3 Be6 11. cxd5 Nxc3 12. bxc3 Nxd5 13. Bd2 Nb6 14. Ne5 Bf6 15. Re1 c5 16. dxc5 Bxe5 17. cxb6 Qxb6 18. Bf3 Qc7 19. g3 Rad8 20. Qe2 Bxc3 21. Bxc3 Qxc3 22. Bxb7 Rd2 23. Qe3 Qxe3 24. Rxe3 Rb8 25. Bc6 Rbb2 26. Rf3 g5 27. h4 h6 28. hxg5 hxg5 29. Ra3 Rxf2 30. Rxa7 Rfc2 31. Rb7 Rxb7 32. Bxb7 Bxa2 33. Be4 Rb2 34. Rf1 Be6 35. Rf2 Rb4 36. Bf3 Kg7 37. Re2 Bc4 38. Rd2 Be6 39. Kf2 Kf6 40. Re2 Rb3 41. Re3 Rb2+ 42. Re2 Rb8 43. Rd2 Rh8 44. Bg2 Rc8 45. Bf3 Rc3 46. Re2 Bc4 47. Rd2 Ke5 48. Rb2 f5 49. Rd2 g4 50. Bg2 Bd3 51. Ra2 Rc5 52. Ke3 Bb1 53. Ra7 Rc3+ 54. Kf2 Rc2+ 55. Kg1 Rb2 56. Re7+ Kd4 57. Re1 Bd3 58. Rd1 Ke3 59. Ra1 Rd2 60. Re1+ Be2 61. Ra1 Bf3 62. Ra3+ Ke2 63. Bf1+ Kd1 64. Bd3 Rg2+ 65. Kf1 Rxg3 66. Kf2 f4 67. Bf1 Kc2 68. Ra4 Bd1 69. Rxf4 Rb3 70. Be2 g3+ 71. Ke1 Rb1 72. Rg4 Bxe2+ 73. Kxe2 Rb3 74. Kf1 Kd2 75. Kg2 Ke2 76. Rxg3 Rxg3+ 77. Kxg3 1/2-1/2


[Site "Internet"]

[Event "Chessable Masters - Torneo preliminare"]
[White "Perez Ponsa, Federico"]
[Black "Kamsky, Gata"]
[WhiteFideId "117927"]
[BlackFideId "2000024"]
[WhiteElo "2586"]
[BlackElo "2630"]
[Result "0-1"]
[Round "7"]
[TimeControl "600+2"]
[Date "2023.03.13"]
[WhiteClock "0:00:16"]
[BlackClock "0:00:46"]

1. e4 g6 2. d4 Bg7 3. Nf3 d6 4. Bc4 e6 5. Bb3 b6 6. O-O Bb7 7. Re1 Nd7 8. Nbd2 Ne7 9. Nf1 O-O 10. Ng3 Nf6 11. c3 c5 12. h3 cxd4 13. cxd4 Rc8 14. Bf4 Nc6 15. a3 Re8 16. Ba2 e5 17. dxe5 dxe5 18. Be3 h6 19. Nh4 Qxd1 20. Raxd1 Kf8 21. b4 Red8 22. Nf3 Ng8 23. b5 Nd4 24. Nxd4 exd4 25. Bd2 Be5 26. f4 Bd6 27. e5 Bxa3 28. f5 Rc2 29. Bb3 Rb2 30. Bc4 Bb4 31. Bxb4+ Rxb4 32. Bd3 Ne7 33. f6 Nd5 34. Ra1 Rb3 35. Red1 Nf4 36. Be4 Bxe4 37. Nxe4 Rxb5 38. Rxa7 Rxe5 39. Nf2 Re6 40. g3 Nh5 41. Rc1 Rxf6 42. Ng4 Rf3 43. Ne5 Rf5 44. Ng4 Kg7 45. Kg2 d3 46. Rd1 Nf6 47. Nf2 Rfd5 48. Rd2 b5 49. Ra3 b4 50. Rb3 Rd4 51. Rdxd3 Ne4 52. Rxb4 Rxd3 53. Nxd3 Nxg3 54. Ne5 Nh5 55. Rb7 Rf8 56. Kf3 Nf6 57. h4 Ne8 58. Rd7 h5 59. Kf4 Kf6 60. Ra7 Ke6 61. Nd7 Rh8 62. Nc5+ Kf6 63. Ne4+ Kg7 64. Ng5 Rf8 65. Ne6+ Kg8 66. Nxf8 Kxf8 67. Ra1 Kg7 68. Ra2 Nd6 69. Ra5 Nf5 70. Rxf5 gxf5 71. Kxf5 f6 72. Kf4 Kf8 73. Ke4 Ke7 74. Kd5 Kd7 75. Kd4 Kd6 76. Ke4 Ke6 77. Kf4 Ke7 78. Ke4 Ke6 79. Kf4 f5 80. Kg5 Ke5 81. Kxh5 Kf6 82. Kh6 f4 83. h5 f3 84. Kh7 Kf7 85. h6 f2 86. Kh8 f1=Q 87. h7 Qf6# 0-1


[Site "Internet"]

[Event "Chessable Masters - Torneo preliminare"]
[White "Van Foreest, Lucas"]
[Black "Vallejo Pons, Francisco"]
[WhiteFideId "1039792"]
[BlackFideId "2205530"]
[WhiteElo "2483"]
[BlackElo "2662"]
[Result "0-1"]
[Round "7"]
[TimeControl "600+2"]
[Date "2023.03.13"]
[WhiteClock "0:06:09"]
[BlackClock "0:00:19"]

1. d4 e6 2. c4 b6 3. e4 Bb4+ 4. Bd2 Bxd2+ 5. Qxd2 d5 6. Qe3 Ne7 7. Nc3 O-O 8. Nf3 Ba6 9. cxd5 Bxf1 10. Kxf1 exd5 11. e5 c5 12. g3 Nbc6 13. Ne2 f6 14. Kg2 fxe5 15. dxe5 d4 16. Qb3+ Qd5 17. Nf4 Rxf4 18. Qxd5+ Nxd5 19. gxf4 Nxf4+ 20. Kg3 Nd3 21. b3 Re8 22. Rad1 Ndxe5 23. Rhe1 Kf8 24. Nxe5 Nxe5 25. f4 Nc6 26. Rxe8+ Kxe8 27. Kf3 g6 28. Ke4 Kf7 29. Kd5 Nb4+ 30. Kc4 Nc2 31. Rd2 Ne3+ 32. Kb5 Ke6 33. Kc6 Kf5 34. b4 c4 35. Rxd4 c3 36. Rd3 c2 37. Rc3 Ke4 0-1


[Site "Internet"]

[Event "Chessable Masters - Torneo preliminare"]
[White "Mareco, Sandro"]
[Black "Rasulov, Vugar"]
[WhiteFideId "112275"]
[BlackFideId "13402390"]
[WhiteElo "2541"]
[BlackElo "2415"]
[Result "0-1"]
[Round "7"]
[TimeControl "600+2"]
[Date "2023.03.13"]
[WhiteClock "0:06:03"]
[BlackClock "0:03:52"]

1. d4 Nf6 2. c4 e6 3. Nf3 c5 4. d5 exd5 5. cxd5 d6 6. Nc3 g6 7. Bf4 a6 8. a4 Bg7 9. h3 O-O 10. e3 Ne8 11. Be2 Nd7 12. O-O Rb8 13. Re1 Qe7 14. Qc2 f5 15. Nd2 Ne5 16. Bh2 Nc7 17. a5 Bd7 18. Nc4 Nxc4 19. Bxc4 b5 20. axb6 Rxb6 21. b3 Bb5 22. Na4 Rbb8 23. Ra2 Bxc4 24. bxc4 f4 25. Qc1 f3 26. Nb2 Qg5 27. Bg3 Be5 28. Kh2 h5 29. Nd3 h4 0-1


[Site "Internet"]

[Event "Chessable Masters - Torneo preliminare"]
[White "Tan, Zhongyi"]
[Black "Malakhov, Vladimir"]
[WhiteFideId "8603642"]
[BlackFideId "4120787"]
[WhiteElo "2517"]
[BlackElo "2666"]
[Result "0-1"]
[Round "7"]
[TimeControl "600+2"]
[Date "2023.03.13"]
[WhiteClock "0:00:06"]
[BlackClock "0:01:35"]

1. d4 d5 2. c4 e6 3. Nc3 Nf6 4. cxd5 exd5 5. Bg5 c6 6. e3 Be7 7. Bd3 O-O 8. Nge2 h6 9. Bh4 Re8 10. O-O Nh5 11. Bxe7 Qxe7 12. Qd2 Nf6 13. Rae1 Nbd7 14. Ng3 Nf8 15. f3 Be6 16. e4 dxe4 17. fxe4 Rad8 18. e5 Nd5 19. Nce4 Qb4 20. Qf2 Nf4 21. Qxf4 Qxd4+ 22. Re3 Ng6 23. Qf2 Nxe5 24. Be2 Qxb2 25. Nh5 Ng6 26. Nef6+ gxf6 27. Nxf6+ Kh8 28. Re4 Re7 29. h4 Qb6 30. Re3 Bxa2 31. Ne4 Bd5 32. h5 Rxe4 33. Qf6+ Kg8 34. hxg6 Qxe3+ 35. Rf2 Rd7 36. Bh5 Ree7 37. gxf7+ Bxf7 0-1


[Site "Internet"]

[Event "Chessable Masters - Torneo preliminare"]
[White "Sjugirov, Sanan"]
[Black "Ju, Wenjun"]
[WhiteFideId "4189302"]
[BlackFideId "8603006"]
[WhiteElo "2543"]
[BlackElo "2598"]
[Result "1-0"]
[Round "7"]
[TimeControl "600+2"]
[Date "2023.03.13"]
[WhiteClock "0:00:09"]
[BlackClock "0:00:12"]

1. d4 Nf6 2. c4 e6 3. Nc3 Bb4 4. Nf3 d5 5. Qa4+ Nc6 6. Bd2 O-O 7. a3 Bxc3 8. Bxc3 Ne4 9. Qc2 b6 10. e3 Ba6 11. b4 Nxc3 12. Qxc3 Ne7 13. c5 Bxf1 14. Kxf1 Qe8 15. a4 b5 16. Ke2 bxa4 17. Qd3 f6 18. Qa6 Qf7 19. Rxa4 e5 20. Rha1 e4 21. Nd2 Qh5+ 22. Ke1 c6 23. Qb7 Rae8 24. Nf1 f5 25. Rxa7 f4 26. exf4 Qg6 27. Ne3 Rxf4 28. Ra8 Rff8 29. Rxe8 Rxe8 30. Ra7 Qf6 31. Ra8 Rxa8 32. Qxa8+ Kf7 33. Qa1 h5 34. h3 g6 35. Kf1 Qf4 36. Kg1 Qb8 37. Qa4 Ke6 38. Nc2 Qf4 39. Ne3 Qb8 40. Kf1 Kd7 41. Ke2 Qb7 42. f3 exf3+ 43. Kxf3 Qb8 44. Qa5 Qf8+ 45. Ke2 Qb8 46. Qa4 Qf4 47. b5 Qxd4 48. Qxd4 1-0


[Site "Internet"]

[Event "Chessable Masters - Torneo preliminare"]
[White "Frolyanov, Dmitry"]
[Black "Lobanov, Sergei"]
[WhiteFideId "4151976"]
[BlackFideId "24183750"]
[WhiteElo "2451"]
[BlackElo "2436"]
[Result "1-0"]
[Round "7"]
[TimeControl "600+2"]
[Date "2023.03.13"]
[WhiteClock "0:04:16"]
[BlackClock "0:00:13"]

1. d4 Nf6 2. c4 e6 3. Nf3 d5 4. g3 Bb4+ 5. Bd2 Be7 6. Bg2 O-O 7. O-O c6 8. Qc2 b6 9. Rd1 Bb7 10. Bf4 Nbd7 11. Nbd2 Nh5 12. Be3 Nhf6 13. Bg5 h6 14. Bxf6 Nxf6 15. e4 dxe4 16. Nxe4 Nxe4 17. Qxe4 Qc7 18. Ne5 Rac8 19. Rac1 Bf6 20. c5 Rfd8 21. b4 Bxe5 22. Qxe5 bxc5 23. Qxc7 Rxc7 24. dxc5 Rcd7 25. Rxd7 Rxd7 26. b5 Rc7 27. b6 Rd7 28. Bf3 Kf8 29. a4 Ke7 30. a5 Rd8 31. a6 Bxa6 32. Ra1 Bb5 33. Rxa7+ Kf6 34. Rc7 Ke5 35. Kg2 g5 36. Bxc6 Ba6 37. Rxf7 Rd1 38. f4+ 1-0


[Site "Internet"]

[Event "Chessable Masters - Torneo preliminare"]
[White "Christiansen, Johan-Sebastian"]
[Black "Hammer, Jon Ludvig"]
[WhiteFideId "1512668"]
[BlackFideId "1503707"]
[WhiteElo "2481"]
[BlackElo "2647"]
[Result "1-0"]
[Round "7"]
[TimeControl "600+2"]
[Date "2023.03.13"]
[WhiteClock "0:00:07"]
[BlackClock "0:00:03"]

1. e4 e5 2. Nf3 Nc6 3. Nc3 Nf6 4. a3 g6 5. Nxe5 Nxe5 6. d4 Nc6 7. d5 Bg7 8. dxc6 bxc6 9. Bd3 O-O 10. O-O Re8 11. Bg5 h6 12. Bh4 g5 13. Bg3 d5 14. Re1 Rb8 15. Rb1 dxe4 16. Nxe4 Nxe4 17. Bxe4 Qxd1 18. Rbxd1 Rxb2 19. Bh7+ Kf8 20. Bxc7 Rxe1+ 21. Rxe1 Be6 22. Bd6+ Ke8 23. Be4 Kd7 24. Bb4 Kc7 25. h3 Kb6 26. Rd1 f5 27. Bd3 c5 28. Re1 Ba2 29. Bd2 f4 30. Re7 Bd4 31. Kf1 c4 32. Be4 c3 33. Bc1 Bc4+ 34. Ke1 Ra2 35. Rb7+ Ka6 36. Rb4 Ra1 37. Rxc4 Rxc1+ 38. Ke2 Bb6 39. Rxc3 Ra1 40. Rb3 Ka5 41. Bd3 a6 42. Rc3 Bd4 43. Rc6 Rxa3 44. Rxa6+ Kb4 45. Rxh6 Ra5 46. Kf3 Re5 47. Rd6 Kc3 48. Bg6 Bc5 49. Rd3+ Kc4 50. Bf7+ Kb4 51. Rb3+ Ka5 52. Bg6 Bb4 53. Bd3 Ka4 54. Kg4 Bc5 55. Rb5 f3 56. Kxf3 Rd5 57. Ke2 Re5+ 58. Kf1 Rd5 59. g3 Re5 60. Kg2 Rd5 61. h4 gxh4 62. gxh4 Rh5 63. Kh3 Rd5 64. Kg2 Rh5 65. Be2 Re5 66. h5 Rf5 67. h6 Rxf2+ 68. Kg3 Rxe2 69. Rxc5 Re6 70. Rh5 Re8 71. h7 1-0


[Site "Internet"]

[Event "Chessable Masters - Torneo preliminare"]
[White "Smirnov, Pavel"]
[Black "Preotu, Razvan"]
[WhiteFideId "4123425"]
[BlackFideId "2613280"]
[WhiteElo "2470"]
[BlackElo "2532"]
[Result "1-0"]
[Round "7"]
[TimeControl "600+2"]
[Date "2023.03.13"]
[WhiteClock "0:02:01"]
[BlackClock "0:00:06"]

1. d4 Nf6 2. c4 g6 3. g3 c6 4. Nf3 d5 5. b3 Bg7 6. Bg2 O-O 7. O-O dxc4 8. bxc4 c5 9. Bb2 cxd4 10. Nxd4 Qb6 11. Qc1 Bd7 12. Nd2 Nc6 13. Nc2 Rfd8 14. Rb1 Qa6 15. Bc3 Rac8 16. Qb2 Bf5 17. e4 Rxd2 18. exf5 Ne8 19. Bxg7 Nxg7 20. f6 Qxc4 21. Qxb7 Nd8 22. Qxe7 Rxc2 23. fxg7 Ne6 24. Rb7 Rc7 25. Rxc7 Qxc7 26. Qf6 Qc3 27. Qxc3 Rxc3 28. Bd5 Rc5 29. Rd1 Kxg7 30. Bxe6 fxe6 31. Rd7+ Kf6 32. Rxa7 Rc2 33. a4 Ra2 34. a5 g5 35. a6 h5 36. Ra8 g4 37. a7 Kg7 38. Kf1 Ra4 39. Ke2 Ra3 40. Kd2 Kh7 41. Kc2 Kg7 42. Kb2 Ra5 43. Kc3 Ra4 44. Kb3 Ra1 45. Kb4 Rb1+ 46. Kc5 Ra1 47. Kd6 Ra6+ 48. Ke5 Kh7 49. Kf6 1-0


[Site "Internet"]

[Event "Chessable Masters - Torneo preliminare"]
[White "Aditya, Mittal"]
[Black "Ibarra Jerez, Jose Carlos"]
[WhiteFideId "35042025"]
[BlackFideId "2226332"]
[WhiteElo "2386"]
[BlackElo "2546"]
[Result "1/2-1/2"]
[Round "7"]
[TimeControl "600+2"]
[Date "2023.03.13"]
[WhiteClock "0:05:42"]
[BlackClock "0:04:31"]

1. d4 Nf6 2. c4 d6 3. Nc3 e5 4. Nf3 e4 5. Ng5 Qe7 6. Qc2 Bf5 7. f3 Nc6 8. Be3 exf3 9. Qxf5 Qxe3 10. Nxf3 Nxd4 11. Nxd4 Qxd4 12. Qb5+ Kd8 13. Qxb7 Rc8 14. Rd1 Qb6 15. Qxb6 axb6 16. g3 g6 17. Bg2 Nd7 18. Nb5 Ne5 19. Na7 Rb8 20. Nc6+ Nxc6 21. Bxc6 Bg7 22. O-O Ke7 23. b3 f5 24. e4 fxe4 25. Bxe4 c5 26. Bd5 Rhf8 27. Rxf8 Rxf8 28. Rf1 Bd4+ 29. Kg2 Rxf1 30. Kxf1 Kf6 1/2-1/2


[Site "Internet"]

[Event "Chessable Masters - Torneo preliminare"]
[White "Cardoso Cardoso, Jose Gabriel"]
[Black "Mitrabha, Guha"]
[WhiteFideId "4430492"]
[BlackFideId "5057000"]
[WhiteElo "2425"]
[BlackElo "2401"]
[Result "1-0"]
[Round "7"]
[TimeControl "600+2"]
[Date "2023.03.13"]
[WhiteClock "0:00:08"]
[BlackClock "0:03:52"]

1. d4 Nf6 2. c4 e6 3. Nc3 Bb4 4. e3 O-O 5. Bd3 d5 6. Nf3 dxc4 7. Bxc4 c5 8. O-O cxd4 9. exd4 b6 10. Bg5 Bb7 11. Rc1 h6 12. Bh4 Bxc3 13. bxc3 Nbd7 14. Bd3 Rc8 15. Re1 Qe7 16. c4 Qa3 17. Qb3 Qxb3 18. axb3 Bxf3 19. gxf3 a5 20. Bg3 Rfd8 21. Red1 Nb8 22. c5 Nd5 23. Bd6 Nb4 24. Bb5 N8c6 25. Kg2 Na7 26. Be2 Nac6 27. f4 Rxd6 28. cxd6 Rd8 29. Bf3 Rxd6 30. Bxc6 Nxc6 31. Rc4 g6 32. Rdc1 Nb4 33. Kf3 Rd5 34. h3 Rf5 35. d5 Nxd5 36. Kg3 Kg7 37. Rd4 h5 38. Rc6 Rf6 39. Re4 Kh6 40. h4 Kg7 41. Rd6 Rf5 42. Rc6 Nf6 43. Re5 Rxe5 44. fxe5 Nd5 45. Rc8 Nb4 46. Rb8 Nd5 47. Kf3 Kh6 48. Rb7 Kg7 49. Ke4 Kf8 50. Rb8+ Ke7 51. Rb7+ Ke8 52. Rb8+ Ke7 53. Rb7+ Kf8 54. Rb8+ Kg7 55. Rb7 Kg8 56. f4 Kg7 57. Rb8 Kh7 58. Rb7 Kg8 59. Rb8+ Kg7 60. Rb7 b5 61. Kf3 Nc3 62. Rc7 Nb1 63. Ke3 b4 64. Ra7 Na3 65. Rxa5 Nc2+ 66. Ke4 Kf8 67. Rc5 Na1 68. Rb5 Nxb3 69. Rxb4 Nc5+ 70. Kd4 Nd7 71. Rb7 Ke8 72. Kc4 Nf8 73. Kc5 Nh7 74. Rb8+ Ke7 75. Rh8 Nf8 76. Kc6 g5 77. Rxf8 Kxf8 78. fxg5 Ke7 79. Kc7 Kf8 80. Kd7 Kg8 81. Ke8 Kg7 82. Ke7 Kg6 83. Kf8 1-0


[Site "Internet"]

[Event "Chessable Masters - Torneo preliminare"]
[White "Vetoshko, Volodymyr"]
[Black "Steinberg, Nitzan"]
[WhiteFideId "14122480"]
[BlackFideId "2801795"]
[WhiteElo "2457"]
[BlackElo "2500"]
[Result "1/2-1/2"]
[Round "7"]
[TimeControl "600+2"]
[Date "2023.03.13"]
[WhiteClock "0:01:58"]
[BlackClock "0:02:18"]

1. e4 c5 2. Nf3 d6 3. d4 cxd4 4. Nxd4 Nf6 5. Nc3 a6 6. Be2 e5 7. Nb3 Be7 8. Bg5 Be6 9. Bxf6 Bxf6 10. Qd3 Nc6 11. O-O-O Be7 12. Nd5 Bg5+ 13. Kb1 a5 14. h4 Bh6 15. Qb5 Ra7 16. a4 O-O 17. g4 Bf4 18. Nxf4 exf4 19. Nd4 Ne5 20. f3 Qc7 21. Rd2 Raa8 22. Rhd1 Rad8 23. h5 h6 24. Rg1 Qc5 25. Rgd1 Qc7 1/2-1/2


[Site "Internet"]

[Event "Chessable Masters - Torneo preliminare"]
[White "Makarian, Rudik"]
[Black "Agrest, Evgenij"]
[WhiteFideId "44105681"]
[BlackFideId "1705024"]
[WhiteElo "2462"]
[BlackElo "2576"]
[Result "1-0"]
[Round "7"]
[TimeControl "600+2"]
[Date "2023.03.13"]
[WhiteClock "0:06:19"]
[BlackClock "0:02:07"]

1. d4 d5 2. c4 c6 3. Nf3 Nf6 4. Nc3 e6 5. g3 Nbd7 6. Bg2 Bb4 7. O-O O-O 8. a3 Bxc3 9. bxc3 b5 10. c5 Ne4 11. Qc2 Qa5 12. Ng5 Nxg5 13. Bxg5 f6 14. Bf4 e5 15. Bd2 Qc7 16. e4 dxe4 17. Bxe4 g6 18. Bxg6 hxg6 19. Qxg6+ Kh8 20. Qh5+ Kg8 21. Bh6 Nxc5 22. Qg6+ Kh8 23. Bxf8 Ne6 24. Qxf6+ Kg8 25. Bc5 Qh7 26. Rfe1 e4 27. Qe5 Nxc5 28. Qg5+ Kf7 29. dxc5 Bf5 30. Rad1 Rg8 31. Qf4 Qh3 32. Rd7+ 1-0


[Site "Internet"]

[Event "Chessable Masters - Torneo preliminare"]
[White "Henriquez Villagra, Cristobal"]
[Black "Sharapov, Evgeny"]
[WhiteFideId "3409350"]
[BlackFideId "14103133"]
[WhiteElo "2574"]
[BlackElo "2337"]
[Result "1-0"]
[Round "7"]
[TimeControl "600+2"]
[Date "2023.03.13"]
[WhiteClock "0:07:45"]
[BlackClock "0:08:06"]

1. e4 c6 2. d4 d5 3. f3 e6 4. Nc3 Nf6 5. a3 Be7 6. Be3 O-O 7. Be2 b6 8. e5 Nfd7 9. f4 Ba6 10. Bf3 f5 11. Kf2 Kh8 12. h4 Bb7 13. Nce2 c5 14. Nh3 cxd4 15. Nxd4 Nc5 16. Ng5 Bxg5 17. hxg5 Qe7 18. b4 Ne4+ 19. Bxe4 dxe4 20. Rxh7+ Kxh7 21. Qh5+ Kg8 22. g6 1-0


[Site "Internet"]

[Event "Chessable Masters - Torneo preliminare"]
[White "Iniyan, P"]
[Black "Volkov, Sergey"]
[WhiteFideId "25002767"]
[BlackFideId "4122763"]
[WhiteElo "2441"]
[BlackElo "2496"]
[Result "0-1"]
[Round "7"]
[TimeControl "600+2"]
[Date "2023.03.13"]
[WhiteClock "0:02:42"]
[BlackClock "0:02:38"]

1. d4 d5 2. c4 c6 3. Nf3 Nf6 4. Nc3 a6 5. g3 b5 6. c5 g6 7. Bg2 Bg7 8. O-O O-O 9. Bf4 a5 10. Re1 Nbd7 11. e4 Nxe4 12. Nxe4 dxe4 13. Rxe4 Nf6 14. Re1 Bg4 15. Be5 e6 16. Qc1 Bxf3 17. Bxf3 Nd5 18. h4 Ra7 19. a3 Bxe5 20. dxe5 f6 21. Bg4 f5 22. Bh3 Rd7 23. Rd1 Qe7 24. f4 Rfd8 25. Kh2 h6 26. Rd4 g5 27. fxg5 hxg5 28. Qxg5+ Qxg5 29. hxg5 Rg7 30. Rf1 Rxg5 31. g4 f4 32. Rfxf4 Rxe5 33. Rf2 Rf8 34. Rxf8+ Kxf8 35. Bg2 Kf7 36. Kg3 Re3+ 37. Kh4 Re2 38. Bxd5 exd5 39. b4 a4 40. Rf4+ Kg6 41. g5 Rh2+ 42. Kg3 Kxg5 43. Rf8 Ra2 44. Rc8 Rxa3+ 45. Kf2 Kf4 46. Rxc6 Ra2+ 47. Ke1 Rb2 48. Rd6 a3 49. Rxd5 a2 50. Rd1 Rb1 0-1


[Site "Internet"]

[Event "Chessable Masters - Torneo preliminare"]
[White "Xu, Yinglun"]
[Black "Drozdowski, Kacper"]
[WhiteFideId "8604940"]
[BlackFideId "1136720"]
[WhiteElo "2523"]
[BlackElo "2472"]
[Result "1/2-1/2"]
[Round "7"]
[TimeControl "600+2"]
[Date "2023.03.13"]
[WhiteClock "0:00:10"]
[BlackClock "0:00:13"]

1. d4 d5 2. c4 c6 3. cxd5 cxd5 4. Nc3 Nc6 5. Bf4 Nf6 6. e3 a6 7. Be2 Bf5 8. Nf3 Rc8 9. O-O e6 10. Qb3 Bb4 11. Ne5 Qe7 12. Rfc1 O-O 13. Na4 Nxe5 14. Bxe5 Ne4 15. Nb6 Rxc1+ 16. Rxc1 Bd2 17. Rc7 Qh4 18. Bg3 Nxg3 19. hxg3 Qe4 20. Qd1 Bxe3 21. fxe3 Qxe3+ 22. Kh2 Qh6+ 23. Kg1 Qe3+ 24. Kf1 Qxg3 25. Rxb7 Qf4+ 26. Bf3 g5 27. Kf2 g4 28. g3 Qxf3+ 29. Qxf3 gxf3 30. Kxf3 Kg7 31. Kf4 h6 32. a4 Bd3 33. b4 Rh8 34. Nd7 Rc8 35. Nc5 Bf5 36. g4 Bc2 37. Nxe6+ Kg6 38. Nc5 Re8 39. Rb6+ f6 40. Rxa6 Re1 41. Nd7 Re4+ 42. Kg3 Rxd4 43. Nxf6 Kf7 44. Rb6 Bxa4 45. Nh5 Bd1 46. Nf4 Rd2 47. Rxh6 d4 48. Rd6 Ke7 49. Rd5 Bb3 50. Re5+ Kd6 51. Re8 Rd1 52. Kf2 Rd2+ 53. Kg3 Rd1 54. b5 Kc5 55. Rd8 Kxb5 56. g5 Rg1+ 57. Kf2 Rxg5 58. Rxd4 Bc4 59. Ne2 Rf5+ 60. Rf4 Rxf4+ 61. Nxf4 1/2-1/2


[Site "Internet"]

[Event "Chessable Masters - Torneo preliminare"]
[White "Drygalov, Sergey"]
[Black "Vaibhav, Suri"]
[WhiteFideId "24171743"]
[BlackFideId "5045185"]
[WhiteElo "2461"]
[BlackElo "2543"]
[Result "0-1"]
[Round "7"]
[TimeControl "600+2"]
[Date "2023.03.13"]
[WhiteClock "0:00:35"]
[BlackClock "0:00:24"]

1. d4 Nf6 2. c4 e6 3. Nf3 d5 4. Nc3 h6 5. Bf4 Bd6 6. e3 O-O 7. Bd3 Bxf4 8. exf4 dxc4 9. Bxc4 b6 10. O-O Bb7 11. Ne5 Nc6 12. Ne2 Qd6 13. Rc1 Rfd8 14. Bb3 Rac8 15. Re1 Na5 16. Ba4 Qd5 17. f3 c5 18. Qd3 Qxa2 19. b3 c4 20. Nxc4 Nxc4 21. Rxc4 Ba6 22. Rxc8 Bxd3 23. Rxd8+ Kh7 24. Nc1 Qd2 25. Nxd3 Qxd3 26. Bc6 Qxb3 27. Be4+ g6 28. h4 a5 29. Kh2 a4 30. Rc1 Qe3 31. Rdc8 Qxf4+ 32. g3 Qd2+ 33. Kh3 Kg7 34. Bb1 Nd5 35. Be4 Ne3 36. f4 Qxd4 37. Bf3 a3 38. Ra8 Qb2 39. Rc7 Qf2 40. Raa7 Nf5 41. Rxf7+ Kg8 42. Rxf5 gxf5 43. Rxa3 Qf1+ 44. Kh2 b5 45. Bh5 Kf8 46. Rb3 Ke7 47. Rb2 Kd6 48. Be2 Qf2+ 49. Kh3 b4 50. Rd2+ Kc5 51. Rc2+ Kd4 52. Rc4+ Ke3 53. Rc6 Kxe2 54. Rc2+ Kf3 55. Rxf2+ Kxf2 56. g4 b3 57. g5 b2 58. g6 b1=Q 59. g7 Qh1# 0-1


[Site "Internet"]